AoeStats
← FC_M@sTer

Nomad

508372638Analyzed
3v3 RM · 11d ago on Sep 22, 2026· 25m 52s· 6 players
Game mode
Random Map
Map size
210×210
Population
200
Speed
Normal
Resources
Standard
Victory
Conquest
Starting age
Dark Age
Ending age
Imperial Age
RankedLock teamsTeams togetherTeam positionsShared explorationLock speedFull tech treeHidden civsTurbo modeCheats
Victory
Defeat
🇵🇪 Huns · Peru
1160
+19
🇮🇳 Spanish · India
1047
+23
🇺🇸 Celts · United States
983
+24
🇨🇴 Poles · Colombia
1375
-28
1294
-26
🇨🇴 Khmer · Colombia
957
-12
I like sheep
13:07 Feudal Age
18:42 Castle Age
19:10 Loom
25:10 Double-Bit Axe
Khan Noonien Smith
5:32 Loom
16:24 Feudal Age
16:59 Fishing Lines
17:26 Man-at-Arms
17:52 Arson
18:08 Town Watch
19:04 Double-Bit Axe
20:17 Forging
20:08 Scale Mail Armor
24:22 Castle Age
24:29 Long Swordsman
The_Valhalla
5:03 Loom
14:07 Feudal Age
17:53 Castle Age
16:24 Scale Barding Armor
16:34 Double-Bit Axe
16:33 Fishing Lines
17:43 Forging
18:16 Bloodlines
19:07 Gillnets
22:50 Bow Saw
24:17 Chain Barding Armor
24:32 Iron Casting
FC_Satuplese
5:03 Loom
16:44 Feudal Age
17:19 Double-Bit Axe
17:18 Fishing Lines
19:37 Gold Mining
21:25 Wheelbarrow
23:27 Castle Age
22:42 Bloodlines
23:17 Town Watch
25:13 Husbandry
24:34 Light Cavalry
FC_M@sTer
5:57 Loom
13:56 Feudal Age
17:49 Town Watch
24:30 Castle Age
FC_Proyecto_El_Conquistador_X
5:36 Loom
14:20 Feudal Age
18:19 Castle Age
16:50 Double-Bit Axe
19:28 Wheelbarrow
Connection lost

Rejoining the realm…

Still unreachable

The connection could not be restored.

Session expired

The server has moved on; the page needs a fresh start.